 Seeded DCSS version 0.29-a0-1009-g60c99734e7 (webtiles) character file.

Game seed: 20220808 (custom seed)

35 flotson the Sneak (level 3, 0/29 HPs)
             Began as a Demonspawn Delver on Aug 8, 2022.
             Slain by a white imp (2 damage)
             ... on level 5 of the Dungeon.
             The game lasted 00:02:03 (114 turns).

flotson the Sneak (Demonspawn Delver)                Turns: 114, Time: 00:02:03

Health: 0/29       AC:  3    Str: 14    XL:     3   Next: 17%
Magic:  3/3        EV: 12    Int: 11    God:
Gold:   8          SH:  0    Dex: 14    Spells: 2/2 levels left

rFire   . . .      SeeInvis .   i - +0 quarterstaff
rCold   . . .      Faith    .   (shield currently unavailable)
rNeg    . . .      Spirit   .   b - +0 leather armour
rPois   .          Reflect  .   (no helmet)
rElec   .          Harm     .   (no cloak)
rCorr   .          Rampage  .   (no gloves)
Will    .....                   (no boots)
Stlth   ++........              (no amulet)
HPRegen 0.09/turn               (no ring)
MPRegen 0.16/turn               (no ring)

@: hasted, very quick
A: magic regeneration
a: no special abilities


You were on level 5 of the Dungeon.
You visited 1 branch of the dungeon, and saw 1 of its levels.

You collected 8 gold pieces.

Inventory:

Hand Weapons
 a - a +0 spear
 i - a +0 quarterstaff (weapon)
Armour
 b - a +0 leather armour (worn)
Wands
 g - a wand of digging (3)
Scrolls
 c - a scroll of fog
 d - a scroll of magic mapping
 h - a scroll of noise {unknown}


   Skills:
 + Level 3.3 Fighting
 - Level 1.7 Polearms
 + Level 1.1 Armour
 + Level 2.2 Dodging
 - Level 4.5 Stealth
 + Level 1.2 Evocations


You had 2 spell levels left.
You didn't know any spells.
Your spell library was empty.

Dungeon Overview and Level Annotations

Branches:
Dungeon (5/15)             Temple (0/1) D:5

Altars:


Innate Abilities, Weirdness & Mutations

You regenerate magic rapidly.


Message History

A white imp comes into view.
The howler monkey hoots and howls with incredible vigour!
You hear an angry hiss.
The white imp shouts, "Crawl home, thou dissembling shard-borne slime mould!"
You feel yourself speed up. The howler monkey barely misses you.
You sock the howler monkey!
The howler monkey is heavily wounded.
The howler monkey hits you.
You sock the howler monkey!
The howler monkey is almost dead.
The howler monkey hits you.
You closely miss the howler monkey.
The howler monkey is almost dead.
The howler monkey hoots and howls with incredible vigour!
You hit the howler monkey.
You kill the howler monkey!
The white imp gestures at you. The puff of frost hits you.
* * * LOW HITPOINT WARNING * * *
Your Armour skill increases to level 1!
Your Dodging skill increases to level 2!
Your Evocations skill increases to level 1!
You have reached level 2!
Your demonic ancestry asserts itself...
Your magic begins to regenerate rapidly.
You have reached level 3!
Your experience leads to an increase in your attributes!
Increase (S)trength, (I)ntelligence, or (D)exterity?
You feel stronger. x2
You see here a howler monkey corpse.
The white imp closely misses you.
You barely miss the white imp. The white imp hits you.
* * * LOW HITPOINT WARNING * * *
The white imp freezes you.
* * * LOW HITPOINT WARNING * * *
Unknown command.
You hit the white imp but do no damage. The white imp hits you.
* * * LOW HITPOINT WARNING * * *
The white imp freezes you.
You die...

*#.....#*
#.....~~P~.P~♣#..,***
,....,,,**#......♣P~.~~....**
*,,,,,,.....###...~P.♣.....**
* ,,,,,,,....##
###..........,*****
,*,,,,...##*
#..........,,,**, **,,,*#..**
##...#....,,,,,,,
**,,**#.,,**
##.........,,*,,,
**,,**,,**,**
###5.####....,,**,,
,,,**,*****,*##†@###
**...,,,,,* ***,,** **,#.###
*,..,,**,* **** **###
**********


You could see a white imp.

Vanquished Creatures
  A howler monkey (D:5)
1 creature vanquished.

Notes
Turn   | Place    | Note
-------+----------+-------------------------------------------
     0 | D:5      | flotson the Demonspawn Delver began the quest for the Orb.
     0 | D:5      | Reached XP level 1. HP: 18/18 MP: 1/1
    54 | D:5      | Noticed a centaur
    61 | D:5      | Noticed a jelly
    66 | D:5      | Noticed an iguana
    93 | D:5      | Noticed a howler monkey
   109 | D:5      | Killed a howler monkey
   110 | D:5      | Reached skill level 1 in Armour
   110 | D:5      | Reached skill level 1 in Evocations
   110 | D:5      | Gained mutation: You regenerate magic rapidly. [demonic
                  | ancestry]
   110 | D:5      | Reached XP level 2. HP: 7/24 MP: 2/2
   110 | D:5      | Reached XP level 3. HP: 8/29 MP: 3/3
   114 | D:5      | Slain by a white imp

Illustrated notes

Levels and vault maps discovered:
D:5:      layout_layer_cave, xom_butterflies, minmay_temple_entry_sparse_star,
          serial_bayou_lagoon_b

Skill      XL: |  1 |
---------------+----+-----
Armour         | 1 |  1.1
Dodging        | 2 |  2.2
Evocations     | 1 |  1.2
Fighting       | |  3.3
Polearms       | |  1.7
Stealth        | |  4.5

Action                   || total
-------------------------++-------
Melee: Quarterstaff      ||     6
  Use: Scroll            ||     2
       Potion            ||     1
Dodge: Dodged            ||     3

Table legend: (Time is in decaauts)
 A = Elapsed time spent in this place.
 B = Non-inter-level travel time spent in this place.
 C = Inter-level travel time spent in this place.
 D = Time resting spent in this place.
 E = Time spent auto-exploring this place.
 F = Levels seen in this place.
 G = Mean time per level.
                   A        B        C        D        E       F      G
               +--------+--------+--------+--------+--------+-----+--------+
         Total |    111 |    111 |      0 |      0 |     47 |   1 |  111.0 |
       Dungeon |    111 |    111 |      0 |      0 |     47 |   1 |  111.0 |
               +--------+--------+--------+--------+--------+-----+--------+

Top non-repeatable levels by time:
     D:5: 111 daAuts
